 Dungeon Crawl Stone Soup version 0.31.0-12-g77e489cdc1 (webtiles) character file.

Game seed: 9214051348860867074

2287 cdecastro the Mimic (level 9, 0/67 HPs)
             Began as a Yellow Draconian Shapeshifter on Feb 28, 2024.
             Was a Follower of Fedhas.
             Slain by an ice beast (8 damage)
             ... on level 7 of the Dungeon on Mar 1, 2024.
             The game lasted 00:14:32 (7487 turns).

cdecastro the Mimic (Yellow Draconian Shapeshifter) Turns: 7487, Time: 00:14:32

Health: 0/67       AC:  7    Str: 17    XL:     9   Next: 17%
Magic:  9/9        EV: 12    Int: 10    God:    Fedhas [*.....]
Gold:   378        SH:  0    Dex: 15    Spells: 8/8 levels left

rFire   . . .        k - +3 morningstar
rCold   . . .        (no shield)
rNeg    . . .        (body armour unavailable)
rPois   .            (helmet currently unavailable)
rElec   .            (cloak currently unavailable)
rCorr   +            (gloves currently unavailable)
SInv    .            (boots currently unavailable)
Will    .....        g - amulet of the acrobat
Stlth   +            (no ring)
HPRegen 0.31/turn    (no ring)
MPRegen 0.11/turn

%: acrobat
@: short of breath, beast-form
A: beast (slay +4), spit acid, AC +7, unfitting armour, cold-blooded, acid
resistance
a: Breathe Acid, Begin Untransformation, Renounce Religion


You were on level 7 of the Dungeon.
You worshipped Fedhas.
Fedhas was aware of your devotion.
You were a hulking beast.
You visited 1 branch of the dungeon, and saw 7 of its levels.
You also visited: Sewer.

You collected 378 gold pieces.

Inventory:

Hand Weapons
 e - a +2 whip of draining
 k - a +3 morningstar (weapon)
Armour
 d - a scarf of shadows
 y - an orb of guile
Jewellery
 g - an amulet of the acrobat (around neck)
 F - a +6 ring of strength
Talismans
 b - a beast talisman
 c - a flux talisman
 f - a maw talisman
Wands
 r - a wand of flame (20)
 s - a wand of polymorph (4)
 G - a wand of iceblast (7)
Scrolls
 h - 2 scrolls of enchant weapon
 l - 3 scrolls of teleportation
 m - a scroll of fear {unknown}
 n - 2 scrolls of revelation
 p - a scroll of summoning {unknown}
 q - 3 scrolls of noise
 u - a scroll of amnesia {unknown}
 v - a scroll of blinking
 C - a scroll of identify
 D - a scroll of poison {unknown}
 E - 2 scrolls of vulnerability {unknown}
Potions
 a - 3 potions of lignification
 i - 3 potions of magic
 j - a potion of resistance
 o - 3 potions of enlightenment
 t - a potion of ambrosia
 w - a potion of brilliance
 x - 4 potions of heal wounds
 z - a potion of cancellation
 A - 3 potions of attraction
 B - 2 potions of mutation


   Skills:
 - Level 2.0 Fighting
 + Level 6.6 Maces & Flails
 - Level 1.7 Dodging
 - Level 3.3 Unarmed Combat
 * Level 9.7 Shapeshifting


You had 8 spell levels left.
You didn't know any spells.
Your spell library contained the following spells:

 Spells                   Type           Power      Damage    Failure   Level
 Freeze                   Ice            0%         1d3       36%         1
 Necrotise                Necr           0%         1d4       36%         1
 Sublimation of Blood     Necr           0%         N/A       50%         2
 Frozen Ramparts          Ice            0%         1d1       75%         3
 Hailstorm                Conj/Ice       0%         3d5       75%         3
 Vampiric Draining        Necr           0%         2d6       75%         3
 Ignite Poison            Fire/Alch      0%         N/A       98%         4
 Martyr's Knell           Necr/Summ      0%         N/A       98%         4
 Petrify                  Alch/Erth      0%         N/A       98%         4
 Sticky Flame             Fire/Alch      0%         2d4       98%         4
 Curse of Agony           Necr           0%         N/A       100%        5
 Irradiate                Conj/Alch      0%         3d11      100%        5
 Ignition                 Fire           0%         3d3       100%        8


Dungeon Overview and Level Annotations

Branches:
Dungeon (7/15)              Sewer (visited)
 Temple: D:4-7

Altars:
Elyvilon
Fedhas
Okawaru

Shops:
D:6 (*

Annotations:
D:5 3 runed translucent doors, Sandpaper2's ghost, novice OnBe; uncleiroh's ghost, amateur DsBe


Innate Abilities, Weirdness & Mutations

You are a hulking beast.
Your limbs bulge with bestial killing power. (Slay +4)
You can spit globs of acid.
Your golden yellow scales are hard. (AC +7)
You cannot fit into any form of body armour.
You are cold-blooded and may be slowed by cold attacks.
You are resistant to acid. (rCorr)


Message History

Fedhas appreciates your contribution to the ecosystem.
The ice beast hits you. The ice beast freezes you!
You feel yourself slow down. The ice beast hits you. The ice beast freezes you.
You feel as though you will be slow longer.
The ice beast attacks as it pursues you!
The ice beast misses you.
Things that are here:
a +0 war axe; a +0 robe; an orc corpse You hit the ice beast.
The ice beast is lightly wounded.
The ice beast closely misses you. The ice beast hits you.
The ice beast freezes you!
You puncture the ice beast!
Your tail-slap misses the ice beast.
The ice beast is heavily wounded.
You feel yourself speed up.
The ice beast hits you but does no damage.
You sock the ice beast!
The ice beast is almost dead.
The ice beast hits you. The ice beast freezes you!
You feel yourself slow down.
* * * LOW HITPOINT WARNING * * *
The ice beast hits you but does no damage.
You hit the ice beast but do no damage.
The ice beast is almost dead.
The ice beast hits you.
* * * LOW HITPOINT WARNING * * *
The ice beast freezes you!
* * * LOW HITPOINT WARNING * * *
You barely miss the ice beast.
The ice beast is almost dead.
You feel yourself speed up. The ice beast barely misses you.
The ice beast hits you but does no damage.
Press: ? - help, Shift-Dir - straight line, f/p - ice beast
Aim: an ice beast (almost dead, 64% to hit)
You spit a glob of acid.
The glob of acid misses the ice beast.
The ice beast hits you.
* * * LOW HITPOINT WARNING * * *
The ice beast freezes you!
You die...
Fedhas appreciates your contribution to the ecosystem.

.....#...... ........###.# #.#
#...#....# #.####.#.##..#####.#
#...#....# #......#.....#.....#
#.o.#....# #..##).####.##.#####
##..o#....####..#......#......#
#.........#<....#....#.#..#.#.###
#........##....>.....#....#.#....
#........##....##....######.####.
#........##....Yh.........#.# #.
#..............##.......#.#.# #.
#........#.##.######.##.#.#.####.
#........#.##.# #......)....<#.
##########.##.# #..##.#.#.####.
#.##.# #.....#.#...... #.##.#
##.####.####### #.##.# #.# #.#
..##.# #.####.#


You could see an ice beast.

Vanquished Creatures
  Sigmund (D:2)
  Eustachio (D:5)
  An acid dragon (D:6)
  2 water moccasins
  2 sky beasts
  An ogre (D:4)
  A black bear (D:6)
  An ice beast (D:5)
  A centaur (D:6)
  A lemure (D:3)
  A kobold brigand (D:7)
  A brain worm (Sewer)
  6 scorpions
  3 wights (D:5)
  A jelly (D:4)
  A hound (D:5)
  Terence (D:2)
  2 iguanas
  An orc wizard (D:5)
  5 gnolls
  9 adders
  A river rat (Sewer)
  A shadow imp (D:7)
  2 ufetubi (D:5)
  2 dart slugs
  3 ribbon worms
  5 orcs
  11 ball pythons
  10 bats
  8 endoplasms
  7 giant cockroaches
  7 goblins
  3 hobgoblins (D:1)
  8 jackals
  6 kobolds
  8 quokkas
  5 frilled lizards
  4 rats
134 creatures vanquished.

Notes
Turn   | Place    | Note
-------+----------+-------------------------------------------
     0 | D:1      | cdecastro the Draconian Shapeshifter began the quest for
                  | the Orb.
     0 | D:1      | Reached XP level 1. HP: 16/16 MP: 1/1
    78 | D:1      | Reached XP level 2. HP: 15/23 MP: 2/2
   310 | D:1      | Reached XP level 3. HP: 27/28 MP: 3/3
   833 | D:2      | Reached skill level 4 in Shapeshifting
  1094 | D:2      | Noticed Sigmund
  1106 | D:2      | Killed Sigmund
  1107 | D:2      | Reached skill level 5 in Shapeshifting
  1107 | D:2      | Reached XP level 4. HP: 19/36 MP: 4/4
  1107 | D:2      | Reached XP level 5. HP: 21/41 MP: 5/5
  1215 | D:2      | Noticed Terence
  1306 | D:2      | Killed Terence
  1985 | D:3      | Reached XP level 6. HP: 48/48 MP: 6/6
  2084 | D:3      | Noticed Grinder
  2085 | D:3      | Grinder changed into Grinder the lemure
  2085 | D:3      | Noticed Grinder
  2095 | D:3      | Killed Grinder the lemure
  2214 | D:3      | Found a glowing drain.
  2229 | Sewer    | Entered a sewer
  2293 | Sewer    | Reached skill level 6 in Shapeshifting
  3394 | D:3      | Found a blossoming altar of Fedhas.
  3418 | D:3      | Became a worshipper of Fedhas Madash
  3659 | D:4      | Your scales start taking on a golden yellow colour.
  3659 | D:4      | Reached XP level 7. HP: 28/55 MP: 7/7
  3659 | D:4      | Gained mutation: You are resistant to acid. (rCorr) [Yellow
                  | Draconian growth]
  4103 | D:4      | Found a white marble altar of Elyvilon.
  4243 | D:5      | Entered Level 5 of the Dungeon
  4267 | D:5      | Reached skill level 7 in Shapeshifting
  4648 | D:5      | Reached XP level 8. HP: 58/61 MP: 8/8
  4732 | D:5      | Found a runed translucent gate.
  4732 | D:5      | Found a runed translucent gate.
  4732 | D:5      | Found a runed translucent gate.
  4733 | D:5      | Noticed Sandpaper2's ghost (novice OnBe)
  4733 | D:5      | Noticed uncleiroh's ghost (amateur DsBe)
  4876 | D:5      | Noticed Eustachio
  4927 | D:5      | Killed Eustachio
  5071 | D:5      | Reached skill level 5 in Maces & Flails
  5132 | D:5      | Reached skill level 8 in Shapeshifting
  5135 | D:5      | Reached * piety under Fedhas
  6471 | D:6      | Found Sarigouk's Weapon Shop.
  6598 | D:6      | Found an iron altar of Okawaru.
  6631 | D:6      | Reached skill level 9 in Shapeshifting
  6806 | D:6      | Found Soigh's Fire Supplies.
  6841 | D:6      | Reached XP level 9. HP: 64/67 MP: 9/9
  7487 | D:7      | Slain by an ice beast

Illustrated notes

Levels and vault maps discovered:
D:1:      dpeg_arrival_shelter, layout_loops_ring
D:2:      layout_basic, minmay_ruptured, uniq_sigmund, uniq_terence
D:3:      layout_basic, lemuel_tele_altar, gup_sewer_entry_pipe,
          kennysheep_cross_room, uniq_grinder
D:4:      layout_cave_pools, general_overflow_altar, nicolae_elevator_lobby_plus
D:5:      layout_cave_pods, gammafunk_ghost_cemetery, kennysheep_boxes,
          uniq_eustachio
D:6:      layout_rooms, mainiacjoe_overflow_six_doors_small, serial_shops, shop,
          nicolae_shop_fire_sale [nicolae_sub_dead_trees]
D:7:      layout_basic, temple_doors_ab

Skill      XL: |  1  2  3  4  5  6  7  8 |
---------------+-------------------------+-----
Shapeshifting  | 5 6 7 9 |  9.7
Fighting       | 2 |  2.0
Maces & Flails | 2 3 4 6 |  6.6
Dodging        | |  1.7
Unarmed Combat | |  3.3

Action                     |  1- 3 |  4- 6 |  7- 9 || total
---------------------------+-------+-------+-------++-------
  Melee: Unarmed           |    83 |    19 |       ||   102
         Tailslap          |    10 |    13 |    23 ||    46
         Punch             |     2 |     2 |     7 ||    11
         Whip              |     5 |   177 |   100 ||   282
         Morningstar       |       |       |    70 ||    70
Ability: Breathe Acid      |       |       |     9 ||     9
  Evoke: Wand              |       |     5 |     2 ||     7
    Use: Scroll            |       |       |    13 ||    13
         Potion            |       |       |     1 ||     1
   Stab: Sleeping          |     1 |     1 |     1 ||     3
         Distracted        |     1 |       |       ||     1
 Armour: Skin              |    31 |    81 |   120 ||   232
  Dodge: Dodged            |    59 |   151 |   115 ||   325
